 Dungeon Crawl Stone Soup version 0.27.1-4-g1640c2035a (webtiles) character file.

Game seed: 7661599101708486139

20 Urokeeper the Cudgeller (level 2, -4/40 HPs)
             Began as a Minotaur Berserker on Nov 8, 2021.
             Was a Follower of Trog.
             Succumbed to a kobold's poison
             ... on level 1 of the Dungeon.
             The game lasted 00:01:45 (388 turns).

Urokeeper the Cudgeller (Minotaur Berserker)         Turns: 388, Time: 00:01:45

Health: -4/40      AC:  6    Str: 21    XL:     2   Next: 58%
Magic:  1/1        EV: 11    Int:  4    God:    Trog [*.....]
Gold:   29         SH:  0    Dex:  9    Spells: 1/1 levels left

rFire    + . .     SeeInvis .   a - +0 mace
rCold    + . .     Faith    .   (no shield)
rNeg     . . .     Spirit   .   g - +0 ring mail
rPois    .         Reflect  .   (helmet restricted)
rElec    .         Harm     .   e - scarf {rC+ rF+}
rCorr    .         Rampage  .   (no gloves)
Will     .....                  d - +0 pair of boots
Stlth    ..........             (no amulet)
HPRegen  0.13/turn              (no ring)
MPRegen  0.07/turn              (no ring)

@: berserking, lethally poisoned (-4 -> -36), very quick
A: horns 2, retaliatory headbutt
a: Renounce Religion, Berserk


You were on level 1 of the Dungeon.
You worshipped Trog.
Trog was aware of your devotion.
You visited 1 branch of the dungeon, and saw 1 of its levels.

You collected 29 gold pieces.

Inventory:

Hand Weapons
 a - a +0 mace (weapon)
Armour
 b - a +0 animal skin
 d - a +0 pair of boots (worn)
 e - a scarf of resistance (worn)
 f - a +0 leather armour
 g - a +0 ring mail (worn)
Scrolls
 c - a scroll of fog {unknown}


   Skills:
 + Level 3.9 Fighting
 * Level 4.1 Maces & Flails
 + Level 2.8 Armour
 + Level 2.5 Dodging


You had one spell level left.
You didn't know any spells.
Your spell library was empty.

Dungeon Overview and Level Annotations

Branches:
Dungeon (1/15)

Altars:


Innate Abilities, Weirdness & Mutations

You have a pair of horns on your head.
You reflexively headbutt those who attack you in melee.


Message History

You kill the dart slug!
Trog accepts your kill.
No target in view!
You now have 19 gold pieces (gained 3).
Found 10 gold pieces.
You now have 29 gold pieces (gained 10).
Found a scroll labelled QEDWAG UNEFI.
Found a stone staircase leading down.
A kobold comes into view.
It is wielding a +2 short sword of venom.
The kobold shouts!
A kobold is nearby!
A kobold is nearby!
A kobold is nearby!
The kobold hits you but does no damage.
You are poisoned.
You hit the kobold. Your headbutt misses the kobold.
The kobold is heavily wounded.
You feel very sick.
The kobold hits you with a +2 short sword of venom.
You are lethally poisoned!
You hit the kobold but do no damage. Your headbutt misses the kobold.
The kobold is heavily wounded.
You feel very sick.
The kobold hits you with a +2 short sword of venom.
You closely miss the kobold.
The kobold is heavily wounded.
You feel very sick.
The kobold hits you with a +2 short sword of venom.
* * * LOW HITPOINT WARNING * * *
You are more poisoned.
The kobold hits you but does no damage.
A red film seems to cover your vision as you go berserk!
You feel yourself moving faster!
You feel mighty!
* * * LOW HITPOINT WARNING * * *
You feel very sick.
The kobold hits you with a +2 short sword of venom.
* * * LOW HITPOINT WARNING * * *
You are more poisoned.
You feel a strong urge to attack something.
You die...

##### ....# ....# ....#
....# ###############
....## #.............#
.....# #........?....#
..##.# #.......K.....#
..##.# ##.....@.......#
#....# #..............#
..#### ##.###..........#
....#####..# #..........#
.##..#.....###..........#
.###.......#...#..#######
.#....#.##†..###.##
.#.####.##.#.###>#
...#....##....#


You could see a kobold.

Vanquished Creatures
  A dart slug (D:1)
  A bat (D:1)
  2 endoplasms (D:1)
  A giant cockroach (D:1)
  A goblin (D:1)
  A quokka (D:1)
  2 ball pythons (D:1)
  A frilled lizard (D:1)
  3 kobolds (D:1)
  5 rats (D:1)
18 creatures vanquished.

Notes
Turn   | Place    | Note
-------+----------+-------------------------------------------
     0 | D:1      | Urokeeper the Minotaur Berserker began the quest for the
                  | Orb.
     0 | D:1      | Reached XP level 1. HP: 19/19 MP: 0/0
   162 | D:1      | Reached XP level 2. HP: 27/27 MP: 1/1
   261 | D:1      | Reached skill level 4 in Maces & Flails
   387 | D:1      | HP: 1/40 [kobold (2)]
   388 | D:1      | Succumbed to a kobold's poison

Illustrated notes

Levels and vault maps discovered:
D:1:      wander_arrival_lonely_grave, layout_rooms

Skill      XL: |  1  2 |
---------------+-------+-----
Maces & Flails | 4 |  4.1
Fighting       | |  3.9
Armour         | |  2.8
Dodging        | |  2.5

Action                   || total
-------------------------++-------
Melee: Mace              ||    25
       Headbutt          ||     3
Invok: Berserk           ||     1
Armor: Leather armour    ||     5
       Animal skin       ||     1
       Ring mail         ||     2
Dodge: Dodged            ||    13
